 Dungeon Crawl Stone Soup version 0.26-a0-84-g8c18429211 (webtiles) character file.

Game seed: 14850960933875084138

532 Morbidden the Sneak (level 7, 36/58 HPs)
             Began as a White Draconian Assassin on June 19, 2020.
             Quit the game on level 4 of the Dungeon.
             The game lasted 00:08:46 (4209 turns).

Morbidden the Sneak (White Draconian Assassin)      Turns: 4209, Time: 00:08:46

Health: 36/58      AC:  7    Str: 16    XL:     7   Next: 4%
Magic:  7/10       EV: 13    Int: 11    God:
Gold:   254        SH:  0    Dex: 12    Spells: 10/10 levels left

rFire    . . .     SeeInvis .   a - +2 dagger
rCold    + + .     Gourm    .   (no shield)
rNeg     . . .     Faith    .   (armour unavailable)
rPois    .         Spirit   +   (helmet restricted)
rElec    .         Reflect  .   b - +0 cloak
rCorr    .         Harm     .   (no gloves)
MR       .....                  (no boots)
Stlth    ++++......             m - amulet of guardian spirit
HPRegen  0.19/turn              k - ring of protection from cold
MPRegen  0.12/turn              g - ring of stealth

@: no status effects
A: breathe frost, unfitting armour, cold resistance 1, cold-blooded, AC +6
a: Breathe Frost


You were on level 4 of the Dungeon.
You were hungry.

You visited 1 branch of the dungeon, and saw 4 of its levels.

You collected 254 gold pieces.

Inventory:

Hand Weapons
 a - a +2 dagger (weapon)
Missiles
 c - 7 poisoned darts (quivered)
 u - 5 boomerangs
Armour
 b - a +0 cloak (worn)
Jewellery
 e - an uncursed ring of protection from fire
 g - a ring of stealth (right hand)
 k - a ring of protection from cold (left hand)
 m - an amulet of guardian spirit (around neck)
 t - the ring of Cheibriados's Favour {Fire Str+3, unknown}
   (You found it on level 4 of the Dungeon)

   [ring of fire]

   It enhances your fire magic.
   It affects your strength (+3).
   It protects you from fire.
   It makes you vulnerable to cold.
Scrolls
 i - a scroll of immolation {unknown}
 o - a scroll of magic mapping {unknown}
 p - 3 scrolls of teleportation
 q - a scroll of enchant armour {unknown}
 r - 2 scrolls of identify
 s - 2 scrolls of fog
 v - a scroll of fear {unknown}
 w - a scroll of remove curse
 y - a scroll of amnesia {unknown}
Potions
 h - 4 potions of might
 j - a potion of degeneration {unknown}
 l - a potion of invisibility {unknown}
 n - a potion of brilliance
Comestibles
 f - 8 rations
 x - 4 chunks of flesh


   Skills:
 * Level 3.8 Fighting
 + Level 3.9 Short Blades
 + Level 2.4 Throwing
 * Level 3.2 Dodging
 + Level 4.8 Stealth
 * Level 2.2 Spellcasting


You had 10 spell levels left.
You didn't know any spells.
Your spell library was empty.

Dungeon Overview and Level Annotations

Branches:
Dungeon (4/15)
 Temple: D:4-7

Altars:
Okawaru


Innate Abilities, Weirdness & Mutations

You can breathe waves of freezing cold.
You can buffet flying creatures when you breathe cold.
Your icy white scales are hard. (AC +6)
You cannot fit into any form of body armour.
Your flesh is cold resistant. (rC+)
You are cold-blooded and may be slowed by cold attacks.


Message History

You throw a curare-tipped dart. The curare-tipped dart hits the ogre.
The ogre is poisoned.
The ogre convulses.
The ogre seems to slow down.
The ogre is almost dead.
The ogre misses you.
Unknown command.
You are feeling hungry.
You kill the ogre!
You have reached level 7!
Your scales start taking on an icy white colour.
You learn Fire Magic much slower.
You learn Ice Magic much quicker.
You can breathe waves of freezing cold.
You can buffet flying creatures when you breathe cold.
You feel resistant to cold.
Things that are here:
a cursed -2 club; an orc skeleton
Things that are here:
a +0 giant spiked club; an ogre corpse Quiver which item? (- for none, * to show all) (? for menu, Esc to quit)
Okay, then.
Are you sure you want to abandon this character and quit the game? (Confirm with "yes".)

#.#...# #.#.#.#
#.....# ###.###
#.# #.# ########
#.# #......###
#.# #.####.#.##
##.###.#.(@..).##
#........##.###.#
##.###.####.# #.#
### #......# #)#
######## #.# #)#
######.# #....<.#
#.####.####


There were no monsters in sight!

Vanquished Creatures
  3 ogres
  A centaur skeleton (D:4)
  2 orc priests
  Jessica (D:2)
  A hound skeleton (D:4)
  5 adders
  3 worms
  A dart slug (D:2)
  6 leopard geckos
  14 orcs
  6 bats
  4 giant cockroaches (D:3)
  5 goblins
  10 hobgoblins
  2 jackals (D:2)
  6 kobolds
  2 quokkas
  3 frilled lizards
  A leopard gecko skeleton (D:4)
  8 rats
84 creatures vanquished.

Notes
Turn   | Place    | Note
-------+----------+-------------------------------------------
     0 | D:1      | Morbidden the Draconian Assassin began the quest for the
                  | Orb.
     0 | D:1      | Reached XP level 1. HP: 17/17 MP: 1/1
   322 | D:1      | Reached XP level 2. HP: 25/25 MP: 2/2
   670 | D:1      | Found an iron altar of Okawaru.
   682 | D:1      | Reached skill level 4 in Stealth
  1058 | D:2      | Reached skill level 1 in Dodging
  1058 | D:2      | Reached XP level 3. HP: 12/30 MP: 0/3
  1925 | D:2      | Noticed Jessica
  1936 | D:2      | Killed Jessica
  1936 | D:2      | Reached XP level 4. HP: 16/37 MP: 2/5
  2557 | D:3      | Noticed an ogre
  2600 | D:3      | Killed an ogre
  2600 | D:3      | Reached skill level 1 in Spellcasting
  2600 | D:3      | Reached XP level 5. HP: 30/45 MP: 4/6
  3454 | D:3      | Reached XP level 6. HP: 42/51 MP: 8/8
  3914 | D:4      | Got a warped granite ring
  4205 | D:4      | Your scales start taking on an icy white colour.
  4205 | D:4      | Reached XP level 7. HP: 35/58 MP: 7/10
  4205 | D:4      | Gained mutation: Your flesh is cold resistant. (rC+) [White
                  | Draconian growth]
  4209 | D:4      | Quit the game

Illustrated notes

Levels and vault maps discovered:
D:1:      roderic_crossed_star, layout_basic, okawaru_ov_weapons_minmay
D:2:      minmay_alternating_diamond, layout_basic, uniq_jessica
D:3:      cheibrodos_pilgrimage, layout_rooms, first_ration, minmay_quantized
D:4:      minmay_spotlight, layout_loops_corners, tgw_xom

Skill      XL: |  1  2  3  4  5  6 |
---------------+-------------------+-----
Stealth        | 4 |  4.8
Dodging        | 1 2 3 |  3.2
Throwing       | 2 |  2.4
Fighting       | 3 |  3.8
Short Blades   | 3 |  3.9
Spellcasting   | 1 2 |  2.2

Action                   |  1- 3 |  4- 6 |  7- 9 || total
-------------------------+-------+-------+-------++-------
Melee: Dagger            |   146 |   169 |       ||   315
       Tailslap          |    14 |    21 |       ||    35
Throw: Dart              |     8 |    22 |       ||    30
       Boomerang         |       |     8 |       ||     8
  Use: Scroll            |     4 |     2 |       ||     6
       Potion            |       |     5 |       ||     5
 Stab: Sleeping          |     6 |    11 |       ||    17
  Eat: Chunk             |     3 |     7 |       ||    10
Armor: Skin              |    32 |    55 |       ||    87
Dodge: Dodged            |    70 |   120 |       ||   190

Table legend:
 A = Non-vault XP
 B = Vault XP
 C = Vault XP percentage of total XP
 D = Non-vault monster count
 E = Vault monster count
 F = Vault count percentage of total count
                 A         B        C        D         E       F
            +---------+---------+-------+---------+---------+-------
      Total |     636 |     125 |  16.4 |      68 |      16 |  19.0
            +---------+---------+-------+---------+---------+-------
        D:1 |      29 |       0 |   0.0 |      18 |       0 |   0.0
        D:2 |      50 |      63 |  55.8 |      17 |      11 |  39.3
        D:3 |     209 |      62 |  22.9 |      21 |       5 |  19.2
        D:4 |     348 |       0 |   0.0 |      12 |       0 |   0.0
            +---------+---------+-------+---------+---------+-------
